 Dungeon Sprint DCSS version 0.24-a0-312-g16217b4a02 (webtiles) character file.

Game seed: 7285723758559409898

3500000 Hercules1031 the Conqueror (level 23, -20/219 HPs)
             Began as a Demonspawn Fighter on May 15, 2019.
             Was the Champion of Makhleb.
             Demolished by a destroyer
             ... wielding a +9 great sword of slicing
              (89 damage)
             ... in the Dungeon (Sprint VIII: "Arena of Blood").
             The game lasted 00:02:57 (35 turns).

Hercules1031 the Conqueror (Demonspawn Fighter)       Turns: 35, Time: 00:02:58

Health: -20/219    AC: 17    Str: 16    XL:     23   Next: 77%
Magic:  22/53      EV: 31    Int: 12    God:    Makhleb [******]
Gold:   0          SH:  0    Dex: 21    Spells: 74/74 levels left

rFire    . . .     SeeInvis .   l - +∞ Axe of Woe
rCold    + . .     Gourm    .   (shield currently unavailable)
rNeg     . . .     Faith    .   b - +0 scale mail
rPois    .         Spirit   .   (no helmet)
rElec    .         Reflect  .   (no cloak)
rCorr    .         Harm     .   (no gloves)
MR       +....     NoTele   +   (boots unavailable)
Stlth    ++++++++++             (no amulet)
HPRegen  0.46/turn              (no ring)
MPRegen  0.33/turn              (no ring)

@: very slightly contaminated
A: hooves 3, iridescent scales 2, cold resistance 1, demonic guardian 3,
nightstalker 3, passive freeze, freezing cloud immunity
a: Minor Destruction, Lesser Servant of Makhleb, Major Destruction, Greater
Servant of Makhleb, Renounce Religion


You were in the Dungeon.
You worshipped Makhleb.
Makhleb was exalted by your worship.
You were not hungry.

You visited 1 branch

Inventory:

Hand Weapons
 a - a +0 trident
 l - the +∞ Axe of Woe (weapon)
   (You found it in the Dungeon)
Armour
 b - a +0 scale mail (worn)
 c - a +0 shield
Potions
 d - a potion of might
 e - a potion of curing
 g - a potion of heal wounds
 h - a potion of haste
 i - 2 potions of magic
 j - a potion of berserk rage
Comestibles
 f - a ration


   Skills:
 O Level 27 Fighting
 O Level 27 Axes
 O Level 27 Polearms
 + Level 26.0 Throwing
 O Level 27 Armour
 O Level 27 Dodging
 O Level 27 Stealth
 O Level 27 Shields
 + Level 26.0 Unarmed Combat
 + Level 26.0 Spellcasting
 O Level 27 Invocations


You had 74 spell levels left.
You didn't know any spells.
Your spell library was empty.

Dungeon Overview and Level Annotations

Branches:
Dungeon (1/1)

Altars:
Makhleb

Annotations:
D The Servant


Innate Abilities, Weirdness & Mutations

You have hooves in place of feet.
You are mostly covered in iridescent scales. (AC +4)
Your flesh is cold resistant. (rC+)
A powerful demonic guardian rushes to your aid.
You are completely attuned to the shadows.
A frigid envelope surrounds you and freezes all who hurt you.
You are immune to freezing clouds.


Message History

Makhleb accepts your kill.
You feel better.
Your Throwing skill gained 2 levels and is now at level 26!
You have mastered Stealth!
Your Unarmed Combat skill gained 2 levels and is now at level 26!
Your Spellcasting skill gained 2 levels and is now at level 26!
You are engulfed in blazing flames.
You hear a shout! x4
A meat berserker comes into view. It is wielding a +9 battleaxe.
You hear a shout!
The Servant is engulfed in blazing flames.
The Servant hits you from afar with a +9 glaive of flaming!!!
The Servant burns you!
Your cacodemon gestures at The Servant.
The Servant appears confused.
You hear a shout!
The meat berserker is engulfed in blazing flames.
You hear a shout! x4
The destroyer hits you with a +9 great sword of slicing!!!!
You die...

..........
.%..#.#...
..☼°2@§§..
..§§§§)§O.
%.§§§§§o..
.....O§@Vo..
...○§§V....
#.......#..
#.......#..
.###.......###.
......###o.....
......._.).....
....#..)).#....
. #_.<._#...o


You could see The Servant (confused), 2 destroyers, 2 meat berserkers, 2 bags of
meat and a friendly cacodemon.

Vanquished Creatures
  A vampire knight (D)
  8 ogres (D)
  3 two-headed ogres (D)
  26 orcs (D)
38 creatures vanquished.

Notes
Turn   | Place    | Note
-------+----------+-------------------------------------------
     0 | D        | Found the +∞ Axe of Woe
     0 | D        | Hercules1031 the Demonspawn Fighter began the quest for the
                  | Orb.
     0 | D        | Reached XP level 1. HP: 18/18 MP: 1/1
     1 | D        | Noticed a bag of meat
     1 | D        | Noticed a bag of meat
     3 | D        | Noticed a bag of meat
     3 | D        | Noticed a bag of meat
     8 | D        | Noticed a meat berserker
     9 | D        | Became a worshipper of Makhleb the Destroyer
     9 | D        | Noticed a bag of meat
    10 | D        | Killed a bag of meat
    10 | D        | Gained mutation: You are slightly more attuned to the
                  | shadows. [demonic ancestry]
    10 | D        | Reached XP level 2. HP: 43/43 MP: 2/2
    10 | D        | Gained mutation: A weak demonic guardian rushes to your
                  | aid. [demonic ancestry]
    10 | D        | Reached XP level 3. HP: 49/49 MP: 3/3
    10 | D        | Reached XP level 4. HP: 56/56 MP: 4/4
    10 | D        | Reached XP level 5. HP: 62/62 MP: 5/5
    10 | D        | Gained mutation: You are significantly more attuned to the
                  | shadows. [demonic ancestry]
    10 | D        | Reached XP level 6. HP: 69/69 MP: 6/6
    10 | D        | Reached XP level 7. HP: 75/75 MP: 7/7
    10 | D        | Gained mutation: You have large cloven feet. [demonic
                  | ancestry]
    10 | D        | Reached XP level 8. HP: 82/82 MP: 8/8
    10 | D        | Reached XP level 9. HP: 88/88 MP: 9/9
    10 | D        | Reached XP level 10. HP: 95/95 MP: 10/10
    10 | D        | Gained mutation: You have hoof-like feet. [demonic
                  | ancestry]
    10 | D        | Reached XP level 11. HP: 101/101 MP: 11/11
    10 | D        | Noticed a bag of meat
    11 | D        | Noticed a bag of meat
    12 | D        | Killed a meat berserker
    12 | D        | Reached * piety under Makhleb
    12 | D        | Gained mutation: You are partially covered in iridescent
                  | scales. (AC +2) [demonic ancestry]
    12 | D        | Reached XP level 12. HP: 117/117 MP: 12/12
    12 | D        | Gained mutation: You are completely attuned to the shadows.
                  | [demonic ancestry]
    12 | D        | Reached XP level 13. HP: 123/123 MP: 13/13
    12 | D        | Killed a bag of meat
    12 | D        | Gained mutation: Your flesh is cold resistant. (rC+)
                  | [demonic ancestry]
    12 | D        | Reached XP level 14. HP: 133/133 MP: 14/14
    13 | D        | Killed a bag of meat
    13 | D        | Killed a bag of meat
    13 | D        | Reached ** piety under Makhleb
    13 | D        | Gained mutation: You are mostly covered in iridescent
                  | scales. (AC +4) [demonic ancestry]
    13 | D        | Reached XP level 15. HP: 144/144 MP: 15/15
    15 | D        | Reached *** piety under Makhleb
    15 | D        | Reached XP level 16. HP: 157/157 MP: 16/16
    18 | D        | Noticed a meat berserker
    18 | D        | Noticed a meat berserker
    19 | D        | Noticed a meat berserker
    19 | D        | Noticed a destroyer
    19 | D        | Noticed a meat berserker
    21 | D        | Noticed a large bag of meat
    21 | D        | Killed a meat berserker
    21 | D        | Reached XP level 17. HP: 169/169 MP: 17/17
    22 | D        | Killed a meat berserker
    22 | D        | Reached **** piety under Makhleb
    22 | D        | Killed a destroyer
    22 | D        | Reached skill level 27 in Fighting
    22 | D        | Gained mutation: You have hooves in place of feet. [demonic
                  | ancestry]
    22 | D        | Reached XP level 18. HP: 182/182 MP: 18/18
    22 | D        | Killed a meat berserker
    22 | D        | Reached skill level 27 in Axes
    22 | D        | Reached skill level 27 in Armour
    22 | D        | Reached skill level 27 in Dodging
    22 | D        | Reached skill level 15 in Shields
    23 | D        | Noticed a meat berserker
    23 | D        | Reached skill level 10 in Polearms
    23 | D        | Killed a meat berserker
    23 | D        | Reached ***** piety under Makhleb
    23 | D        | Reached XP level 19. HP: 189/189 MP: 19/19
    24 | D        | Noticed a large bag of meat
    24 | D        | Reached skill level 15 in Polearms
    24 | D        | Killed a large bag of meat
    24 | D        | Reached skill level 27 in Shields
    24 | D        | Gained mutation: You are immune to freezing clouds.
                  | [demonic ancestry]
    24 | D        | Reached XP level 20. HP: 197/197 MP: 20/20
    25 | D        | Killed a large bag of meat
    25 | D        | Reached skill level 27 in Polearms
    27 | D        | Killed a meat berserker
    27 | D        | Reached skill level 10 in Throwing
    27 | D        | Reached skill level 10 in Stealth
    27 | D        | Reached skill level 10 in Unarmed Combat
    27 | D        | Reached skill level 10 in Spellcasting
    27 | D        | Reached skill level 15 in Invocations
    27 | D        | Gained mutation: A frigid envelope surrounds you and
                  | freezes all who hurt you. [demonic ancestry]
    27 | D        | Reached XP level 21. HP: 204/204 MP: 20/36
    27 | D        | Reached ****** piety under Makhleb
    27 | D        | Reached skill level 15 in Stealth
    28 | D        | Reached skill level 15 in Throwing
    28 | D        | Reached skill level 15 in Unarmed Combat
    28 | D        | Reached skill level 15 in Spellcasting
    29 | D        | Noticed The Servant
    29 | D        | Gained mutation: A demonic guardian rushes to your aid.
                  | [demonic ancestry]
    29 | D        | Reached XP level 22. HP: 212/212 MP: 20/43
    29 | D        | Noticed a large bag of meat
    31 | D        | Reached skill level 27 in Invocations
    31 | D        | Gained mutation: A powerful demonic guardian rushes to your
                  | aid. [demonic ancestry]
    31 | D        | Reached XP level 23. HP: 219/219 MP: 20/50
    32 | D        | Noticed a destroyer
    32 | D        | Noticed a destroyer
    34 | D        | Killed a large bag of meat
    34 | D        | Reached skill level 27 in Stealth
    35 | D        | Demolished by a destroyer

Levels and vault maps discovered:
D:        meatsprint

Skill      XL: |  1  2  3  4  5  6  7  8  9 10 11 12 13 14 15 16 17 18 19 20 21 22 23 |
---------------+----------------------------------------------------------------------+-----
Fighting       | 14 18 19 21 23 25 27 | 27.0
Axes           | 13 16 17 19 21 23 26 27 | 27.0
Armour         | 13 17 18 19 22 23 26 27 | 27.0
Dodging        | 13 16 17 19 21 23 26 27 | 27.0
Polearms       | 13 21 27 | 27.0
Shields        | 23 27 | 27.0
Throwing       | 11 17 23 26 | 26.0
Stealth        | 12 18 24 27 | 27.0
Unarmed Combat | 11 17 23 26 | 26.0
Spellcasting   | 11 17 23 26 | 26.0
Invocations    | 15 23 27 | 27.0

Action                   |  1- 3 |  4- 6 |  7- 9 | 10-12 | 13-15 | 16-18 | 19-21 | 22-24 || total
-------------------------+-------+-------+-------+-------+-------+-------+-------+-------++-------
Melee: Executioner's axe |     1 |       |       |     1 |     3 |     4 |     5 |     4 ||    18
Invok: Greater Servant o |       |       |       |       |       |       |       |     1 ||     1
  Use: Scroll            |       |       |       |       |       |     1 |       |       ||     1
Armor: Scale mail        |       |       |       |       |       |       |     1 |       ||     1

Table legend:
 A = Non-vault XP
 B = Vault XP
 C = Vault XP percentage of total XP
 D = Non-vault monster count
 E = Vault monster count
 F = Vault count percentage of total count
                 A         B        C        D         E       F
            +---------+---------+-------+---------+---------+-------
      Total |  390242 |  564088 |  59.1 |      13 |      25 |  65.8
            +---------+---------+-------+---------+---------+-------
          D |  390242 |  564088 |  59.1 |      13 |      25 |  65.8
            +---------+---------+-------+---------+---------+-------
